[Event "Titled Tuesday Blitz July 4 Early 2023"]
[White "Nouri, Alekhine"]
[Black "Postlmayer, Jakob"]
[WhiteFideId "5216184"]
[BlackFideId "1643622"]
[WhiteElo "2696"]
[BlackElo "2490"]
[Result "0-1"]
[Round "3"]
[TimeControl "180+2"]
[Date "2023.07.04"]
[WhiteClock "0:01:35"]
[BlackClock "0:02:04"]
[Board "89"]

1. e4 c5 2. Nc3 g6 3. d4 cxd4 4. Qxd4 Nf6 5. Nf3 Nc6 6. Qa4 d6 7. e5 dxe5 8. Nxe5 Bg7 9. Nxc6 bxc6 10. Qxc6+ Bd7 11. Qa6 O-O 12. Bd3 Qc7 13. O-O Ng4 14. g3 Bc6 15. Nb5 Qd7 16. Bf4 e5 0-1


[Site "https://www.chess.com"]

[Event "Titled Tuesday Blitz July 4 Early 2023"]
[White "IrI_Cheetah"]
[Black "Papasimakopoulos, Alexandros"]
[BlackFideId "4244125"]
[WhiteElo "2489"]
[BlackElo "2695"]
[Result "0-1"]
[Round "3"]
[TimeControl "180+2"]
[Date "2023.07.04"]
[WhiteClock "0:00:00"]
[BlackClock "0:00:45"]
[Board "90"]

1. e4 e6 2. d4 d5 3. Nc3 Bb4 4. e5 c5 5. a3 Bxc3+ 6. bxc3 Nc6 7. h4 Nge7 8. h5 h6 9. Qg4 Kf8 10. Bd3 Qa5 11. Bd2 Qa4 12. Qf4 c4 13. Bg6 Nd8 14. Rh3 Ke8 15. Kd1 fxg6 16. hxg6 Rf8 17. Qg3 Kd7 18. Ne2 Kc7 19. Nf4 Bd7 20. Nh5 Rg8 21. Nf6 Rf8 22. Bxh6 Nf5 23. Qf4 gxh6 24. Nxd5+ exd5 25. e6+ Kb6 26. Rb1+ Ka6 27. e7 Nxe7 28. Qxf8 Nxg6 29. Rxh6 Be8 30. Qg7 Qc6 31. Rb4 Ne6 32. Qf6 Nef4 0-1


[Site "https://www.chess.com"]

[Event "Titled Tuesday Blitz July 4 Early 2023"]
[White "Amilal Munkhdalai"]
[Black "Herzog2012"]
[WhiteFideId "4903250"]
[WhiteElo "2691"]
[BlackElo "2488"]
[Result "0-1"]
[Round "3"]
[TimeControl "180+2"]
[Date "2023.07.04"]
[WhiteClock "0:01:10"]
[BlackClock "0:00:26"]
[Board "91"]

1. e4 c5 2. Nf3 Nc6 3. d4 cxd4 4. Nxd4 Nf6 5. Nc3 d6 6. Bg5 e6 7. Qd2 Be7 8. O-O-O O-O 9. f4 h6 10. Bxf6 Bxf6 11. Nxc6 bxc6 12. Qxd6 Qb6 13. e5 Rd8 14. Qa3 Qe3+ 15. Kb1 Rxd1+ 16. Nxd1 Qxa3 17. bxa3 Rb8+ 18. Kc1 Be7 19. a4 Rb4 20. g3 Rxa4 21. Nc3 Rd4 22. Bd3 Ba6 23. Rd1 Ba3+ 24. Kd2 Bb4 25. Rb1 c5 26. a3 Bxd3 27. cxd3 Bxa3 28. Rb8+ Kh7 29. Kc2 Rb4 30. Ra8 Rb2+ 31. Kd1 Bb4 32. Rxa7 Bxc3 33. Ra8 Rxh2 34. Ra6 Rd2+ 0-1


[Site "https://www.chess.com"]

[Event "Titled Tuesday Blitz July 4 Early 2023"]
[White "Danielyan, Vahe"]
[Black "Gheorghiu, Calin"]
[WhiteFideId "13304828"]
[BlackFideId "1200305"]
[WhiteElo "2689"]
[BlackElo "2487"]
[Result "0-1"]
[Round "3"]
[TimeControl "180+2"]
[Date "2023.07.04"]
[WhiteClock "0:00:20"]
[BlackClock "0:00:40"]
[Board "92"]

1. Nf3 d5 2. c4 d4 3. b4 f6 4. e3 e5 5. exd4 exd4 6. c5 a5 7. b5 Bxc5 8. Bd3 Ne7 9. O-O O-O 10. Qc2 Qd6 11. Bxh7+ Kh8 12. Be4 f5 13. Bd3 b6 14. Be2 Bb7 15. d3 Nd7 16. Nbd2 Nf6 17. Nc4 Qd5 18. Bf4 Ng6 19. Bg5 Rae8 20. Rfe1 Ne4 21. Nh4 Nxg5 22. Nxg6+ Kg8 23. Bf1 Nf3+ 24. Kh1 Nxe1 25. Qd2 Nxg2 26. f3 Ne3 27. Be2 Nxc4 28. dxc4 Rxe2 29. Qxe2 Qxf3+ 30. Qxf3 Bxf3+ 31. Kg1 d3+ 32. Kf1 Re8 33. Re1 Rxe1+ 34. Kxe1 Bb4+ 35. Kf2 d2 36. Ne7+ Bxe7 37. Kxf3 d1=Q+ 38. Kf4 Qg4+ 39. Ke3 Qe4+ 40. Kd2 Bb4+ 41. Kc1 Qd3 42. Kb2 Ba3+ 43. Ka1 Qd1# 0-1


[Site "https://www.chess.com"]

[Event "Titled Tuesday Blitz July 4 Early 2023"]
[White "Reprintsev, Alexander"]
[Black "Antonio, Rogelio Jr"]
[WhiteFideId "14100541"]
[BlackFideId "5200032"]
[WhiteElo "2484"]
[BlackElo "2684"]
[Result "0-1"]
[Round "3"]
[TimeControl "180+2"]
[Date "2023.07.04"]
[WhiteClock "0:00:00"]
[BlackClock "0:00:28"]
[Board "93"]

1. e4 c6 2. Nc3 d5 3. Nf3 Bg4 4. h3 Bxf3 5. Qxf3 Nf6 6. e5 Nfd7 7. d4 e6 8. Qg3 a6 9. Bd2 c5 10. dxc5 Nc6 11. f4 g6 12. h4 h5 13. O-O-O Nxc5 14. Kb1 Ne7 15. Bc1 Nf5 16. Qe1 Qc7 17. Be2 d4 18. Nb5 axb5 19. Bxb5+ Nd7 20. c3 Qa5 21. a4 Rd8 22. Qe4 Qb6 23. Rh3 Be7 24. cxd4 Kf8 25. d5 Nc5 26. Qc4 exd5 27. Rxd5 Rxd5 28. Qxd5 Qe6 29. Bc4 Qxd5 30. Bxd5 Kg7 31. a5 Rd8 32. Bc4 Nxh4 33. b4 Ne6 34. g3 Nf5 35. Ba3 Rd1+ 36. Kc2 Rg1 37. Bd5 Nxg3 38. Bxb7 Rg2+ 39. Kb3 Rg1 40. Ka4 Nxf4 41. Rh2 Ra1 42. a6 Ne6 0-1


[Site "https://www.chess.com"]

[Event "Titled Tuesday Blitz July 4 Early 2023"]
[White "Andrej2004"]
[Black "Miszler, Levente"]
[BlackFideId "763276"]
[WhiteElo "2671"]
[BlackElo "2482"]
[Result "1-0"]
[Round "3"]
[TimeControl "180+2"]
[Date "2023.07.04"]
[WhiteClock "0:02:32"]
[BlackClock "0:01:58"]
[Board "94"]

1. g3 Nf6 2. Bg2 g6 3. b3 Bg7 4. Bb2 O-O 5. Nf3 d5 6. O-O c5 7. d3 Nc6 8. Nbd2 b6 9. e4 Bb7 10. exd5 Nxd5 11. Bxg7 Kxg7 12. Re1 e6 13. Ne5 Nxe5 14. Rxe5 Qc7 15. Qe1 Rad8 16. Nc4 Nb4 17. Qc3 Kg8 18. Bxb7 Qxb7 19. Re4 b5 20. Ne5 Rc8 21. Ng4 h5 22. Nf6+ Kh8 23. Nxh5+ f6 24. Nxf6 1-0


[Site "https://www.chess.com"]

[Event "Titled Tuesday Blitz July 4 Early 2023"]
[White "Agibileg, Uurtsaikh"]
[Black "Senthilkumar, Pranav"]
[WhiteFideId "4901606"]
[BlackFideId "2083477"]
[WhiteElo "2665"]
[BlackElo "2479"]
[Result "0-1"]
[Round "3"]
[TimeControl "180+2"]
[Date "2023.07.04"]
[WhiteClock "0:00:47"]
[BlackClock "0:01:23"]
[Board "95"]

1. d4 Nf6 2. c4 e6 3. Nc3 Bb4 4. f3 d5 5. a3 Bxc3+ 6. bxc3 O-O 7. cxd5 exd5 8. e3 c5 9. Bd3 Nc6 10. Ne2 Re8 11. O-O b6 12. Ng3 Ne7 13. Ra2 Qd6 14. Re2 Ng6 15. Bb2 Bb7 16. Bxg6 hxg6 17. e4 dxe4 18. fxe4 Nxe4 19. Nxe4 Rxe4 20. Ref2 Re7 21. Qb3 cxd4 22. cxd4 Bd5 23. Qh3 Rae8 24. Bc1 Be4 25. Rf4 Qxd4+ 26. Be3 Bxg2 27. Kxg2 Qxe3 28. Qxe3 Rxe3 29. Rxf7 Rxa3 30. Rb7 Re2+ 31. Kg1 Raa2 32. Rd1 Rg2+ 33. Kf1 Rxh2 34. Rd8+ Kh7 35. Kg1 Rhc2 36. Rd1 Rh2 37. Rdd7 Rhd2 38. Rxg7+ Kh6 39. Rgf7 Rd1+ 40. Rf1 Rxf1+ 41. Kxf1 Kg5 0-1


[Site "https://www.chess.com"]

[Event "Titled Tuesday Blitz July 4 Early 2023"]
[White "Zhu, Jiner"]
[Black "Rizzo, Tobias"]
[WhiteFideId "8608059"]
[BlackFideId "30942691"]
[WhiteElo "2661"]
[BlackElo "2479"]
[Result "1-0"]
[Round "3"]
[TimeControl "180+2"]
[Date "2023.07.04"]
[WhiteClock "0:01:08"]
[BlackClock "0:00:11"]
[Board "96"]

1. Nf3 Nf6 2. g3 g6 3. Bg2 Bg7 4. d3 O-O 5. e4 d5 6. e5 Nfd7 7. d4 c5 8. c3 Nc6 9. O-O a5 10. h4 b6 11. Re1 e6 12. h5 a4 13. a3 Ba6 14. Bg5 Qc7 15. Nbd2 b5 16. Nf1 b4 17. cxb4 cxb4 18. Rc1 Qb7 19. Ne3 h6 20. Bf4 g5 21. Nxg5 hxg5 22. Bxg5 f6 23. exf6 Nxf6 24. h6 Bh8 25. Ng4 Nxd4 26. Qxd4 Ne4 27. Qe3 Bxb2 28. Bxe4 dxe4 29. Nf6+ Bxf6 30. Bxf6 Rxf6 31. Qg5+ Kh7 32. Qxf6 b3 33. Qe5 Rc8 34. Rxc8 1-0


[Site "https://www.chess.com"]

[Event "Titled Tuesday Blitz July 4 Early 2023"]
[White "LangesNasenhaar"]
[Black "Hilary46"]
[WhiteElo "2476"]
[BlackElo "2653"]
[Result "0-1"]
[Round "3"]
[TimeControl "180+2"]
[Date "2023.07.04"]
[WhiteClock "0:00:08"]
[BlackClock "0:01:00"]
[Board "97"]

1. d4 d5 2. Nc3 Nf6 3. Bf4 c5 4. e4 Nxe4 5. Nxe4 dxe4 6. dxc5 Qa5+ 7. c3 Qxc5 8. Qa4+ Nc6 9. Qxe4 Bf5 10. Qe3 e5 11. Nf3 Qxe3+ 12. Bxe3 f6 13. Bb5 Be4 14. O-O a6 15. Ba4 O-O-O 16. Bb6 Rd7 17. Rfd1 Be7 18. Rxd7 Kxd7 19. Rd1+ Kc8 20. Nd2 Bd5 21. Nb3 Be6 22. Bxc6 bxc6 23. Na5 Bd8 24. Rxd8+ Rxd8 25. Bxd8 Kxd8 26. Nxc6+ Kc7 27. Nb4 a5 28. Nd3 Bxa2 29. f3 Kc6 30. Kf2 Kb5 31. Ke3 Bb1 32. Nf2 Kc4 33. Kd2 Kb3 34. Kc1 Bf5 35. g3 a4 36. Nd1 Bd7 37. f4 exf4 38. gxf4 g5 39. fxg5 fxg5 40. Ne3 h5 41. Nc2 h4 42. Nd4+ Kc4 43. Kd2 g4 44. Ke3 Bc8 45. Kf4 g3 46. hxg3 h3 47. Nf3 Kb3 48. g4 Kxb2 49. Nd4 h2 0-1


[Site "https://www.chess.com"]

[Event "Titled Tuesday Blitz July 4 Early 2023"]
[White "Toncheva, Nadya"]
[Black "Koziorowicz, Michal"]
[WhiteFideId "2924056"]
[BlackFideId "21809194"]
[WhiteElo "2475"]
[BlackElo "2646"]
[Result "0-1"]
[Round "3"]
[TimeControl "180+2"]
[Date "2023.07.04"]
[WhiteClock "0:00:01"]
[BlackClock "0:01:11"]
[Board "98"]

1. d4 e6 2. c4 f5 3. Nc3 Nf6 4. g3 d5 5. Bg2 c6 6. b3 Ne4 7. Nxe4 fxe4 8. Nh3 Qf6 9. O-O Bd6 10. f3 exf3 11. Rxf3 Qg6 12. Nf4 Bxf4 13. Bxf4 O-O 14. Qd2 Nd7 15. Raf1 Nf6 16. Be5 Bd7 17. Qb4 b6 18. Bxf6 gxf6 19. Qe7 Rf7 20. Qd6 Raf8 21. Bh3 Qe4 22. R1f2 f5 23. g4 Qxd4 24. gxf5 exf5 25. Kh1 Qf6 26. Qf4 Rg7 27. Rf1 d4 28. Rd3 c5 29. Bg2 Bc6 30. Bf3 Rg4 31. Rg1 Kh8 32. Rxg4 fxg4 33. Qxf6+ Rxf6 34. Bxc6 Rxc6 35. Kg2 Re6 36. Rd2 Kg7 37. Kg3 Re4 38. h3 gxh3 39. Kxh3 Kf6 40. Kg3 Ke5 41. Kf3 Re3+ 42. Kf2 Ke4 43. Rd1 Rc3 44. Rh1 Rc2 45. Rh4+ Kf5 46. Rxh7 Rxa2 47. Rh3 Rb2 48. Rf3+ Ke4 49. Rd3 a6 50. Ke1 b5 51. Kd1 Ra2 52. Ke1 Ra1+ 53. Kd2 Rh1 54. Rg3 Ra1 55. Rg4+ Kf5 56. Rg3 Ra2+ 57. Kd1 Rb2 58. Rf3+ Ke5 59. Rh3 Ke4 60. Rh4+ Ke3 61. Rh3+ Kf4 62. Rf3+ Ke5 63. Rh3 bxc4 64. bxc4 Rb4 65. Ra3 Rxc4 66. Rxa6 Rb4 67. Ra5 Kd5 68. Kd2 Kc4 69. Ra2 Kb3 70. Ra8 Ra4 71. Rb8+ Kc4 72. Rb2 Ra3 73. Rc2+ Kd5 74. Rb2 c4 75. Rb5+ Ke4 76. Rh5 Ra2+ 77. Kd1 c3 78. Rh4+ Kd5 79. e4+ Kc4 80. Rh7 d3 81. Rc7+ Kd4 82. Ke1 Ra1+ 83. Kf2 d2 0-1


[Site "https://www.chess.com"]

[Event "Titled Tuesday Blitz July 4 Early 2023"]
[White "Soham Kamotra"]
[Black "Uzcategui Rodriguez, Alejandro"]
[WhiteFideId "46647490"]
[BlackFideId "3903400"]
[WhiteElo "2644"]
[BlackElo "2473"]
[Result "1-0"]
[Round "3"]
[TimeControl "180+2"]
[Date "2023.07.04"]
[WhiteClock "0:00:08"]
[BlackClock "0:00:00"]
[Board "99"]

1. d4 Nf6 2. Nc3 d6 3. e4 Nbd7 4. Be3 e5 5. Nf3 Be7 6. Bc4 c6 7. a4 O-O 8. O-O b6 9. h3 a6 10. d5 cxd5 11. Bxd5 Rb8 12. Qe2 Nc5 13. Nd2 Nxd5 14. Nxd5 f5 15. Bxc5 bxc5 16. Nc4 f4 17. f3 Bh4 18. Rfd1 Qg5 19. Kf1 Qg3 20. Qe1 Qxe1+ 21. Rxe1 Bxe1 22. Rxe1 Be6 23. Rd1 Rfd8 24. b3 Kf7 25. Na5 Bxd5 26. Rxd5 Rbc8 27. Ke2 Ke6 28. Kd3 Rd7 29. Nc4 Rb8 30. Kc3 Rb4 31. Kb2 Rxc4 32. bxc4 Rb7+ 33. Kc3 Rb4 34. Rd1 Rxa4 35. Rb1 Rb4 36. Rxb4 cxb4+ 37. Kxb4 Kd7 38. Ka5 Kc6 39. Kxa6 Kc5 40. Kb7 Kxc4 41. Kc6 d5 42. exd5 e4 43. fxe4 g5 44. d6 h5 45. d7 g4 46. hxg4 hxg4 47. d8=Q f3 48. Qd3+ 1-0


[Site "https://www.chess.com"]

[Event "Titled Tuesday Blitz July 4 Early 2023"]
[White "Ahmad, Khagan"]
[Black "UNSTOPPABLE_LEGEND"]
[WhiteFideId "13431552"]
[WhiteElo "2640"]
[BlackElo "2472"]
[Result "1-0"]
[Round "3"]
[TimeControl "180+2"]
[Date "2023.07.04"]
[WhiteClock "0:00:11"]
[BlackClock "0:00:14"]
[Board "100"]

1. d4 Nf6 2. Bf4 d5 3. e3 c5 4. Nf3 Nbd7 5. c4 e6 6. Nc3 cxd4 7. exd4 Bb4 8. c5 Ne4 9. Qb3 Qa5 10. Rc1 b6 11. c6 Ndf6 12. a3 Bxc3+ 13. bxc3 Ba6 14. Qb4 Bxf1 15. Qxa5 bxa5 16. Rxf1 O-O 17. Ne5 Rfc8 18. f3 Nd6 19. Rb1 Nh5 20. Be3 f6 21. Nd3 Nc4 22. Ke2 g6 23. Rb7 Rxc6 24. Bh6 Nd6 25. Rd7 Nf7 26. Bd2 Ng7 27. Rb1 Nf5 28. g4 N5d6 29. Nc5 e5 30. f4 e4 31. Be3 f5 32. g5 Rb6 33. Rxb6 axb6 34. Ne6 Rc8 35. Bd2 b5 36. Ra7 Nc4 37. Nc7 Nxa3 38. Nxd5 a4 39. Ne7+ Kg7 40. Nxc8 Kf8 41. d5 Ke8 42. Be3 Nc4 43. Bc5 Nd8 44. Re7+ Kf8 45. d6 Nc6 46. d7 Nxe7 47. d8=Q+ Kf7 48. Qxe7+ Kg8 49. Qf8# 1-0


[Site "https://www.chess.com"]

[Event "Titled Tuesday Blitz July 4 Early 2023"]
[White "Eynullayev, Atilla"]
[Black "Taspinar, Yanki"]
[WhiteFideId "13413570"]
[BlackFideId "34561188"]
[WhiteElo "2471"]
[BlackElo "2640"]
[Result "0-1"]
[Round "3"]
[TimeControl "180+2"]
[Date "2023.07.04"]
[WhiteClock "0:00:02"]
[BlackClock "0:00:04"]
[Board "101"]

1. e4 e6 2. d4 d5 3. e5 c5 4. c3 Nc6 5. Nf3 Bd7 6. a3 cxd4 7. cxd4 Rc8 8. b4 Nh6 9. Bd3 Nf5 10. Bxf5 exf5 11. O-O Be7 12. Qd3 Be6 13. Nc3 O-O 14. Na4 b6 15. Bd2 Qd7 16. Nc3 Qb7 17. Bg5 h6 18. Bxe7 Nxe7 19. Ne2 Rc7 20. b5 Rfc8 21. Ra2 Rc4 22. Nd2 R4c7 23. a4 Rb8 24. h4 Ra8 25. Rb1 Qc8 26. Rb3 Qd8 27. g3 Rac8 28. Nf4 Rc1+ 29. Kg2 Rd1 30. Rb1 Rxb1 31. Nxb1 Rc1 32. Ne2 Rc7 33. Rc2 Qc8 34. Rc3 Rc4 35. Nd2 Qb7 36. f3 Rxa4 37. Qc2 Rc4 38. Nxc4 dxc4 39. Nf4 Nd5 40. Nxd5 Qxd5 41. Qd2 Qxb5 42. h5 Qd5 43. Qa2 Qxd4 44. Rc2 Qd3 45. Rd2 Qe3 46. Rd8+ Kh7 47. Qxa7 Qe2+ 48. Kg1 Qe1+ 49. Kg2 Qe2+ 50. Kg1 Qxe5 51. Qa8 Qxg3+ 52. Kf1 Qh3+ 53. Kf2 Qxh5 54. Rh8+ Kg6 55. Qc6 Qh2+ 56. Kf1 Qe5 57. Kf2 Qc5+ 58. Qxc5 bxc5 59. Ra8 Kf6 60. Ra5 g6 61. Rxc5 h5 62. Kg3 g5 63. f4 h4+ 64. Kh3 Kg6 65. Rc6 Kh5 66. fxg5 Kxg5 67. Rc5 Kh5 68. Re5 Kg5 69. Rc5 Kf4 70. Kxh4 Ke3 71. Re5+ Kd4 72. Re1 c3 73. Kg3 Kd3 0-1


[Site "https://www.chess.com"]

[Event "Titled Tuesday Blitz July 4 Early 2023"]
[White "Martinez Ramirez, Lennis"]
[Black "Fiedorek, Michal"]
[WhiteFideId "3509079"]
[BlackFideId "1199528"]
[WhiteElo "2635"]
[BlackElo "2468"]
[Result "1-0"]
[Round "3"]
[TimeControl "180+2"]
[Date "2023.07.04"]
[WhiteClock "0:01:30"]
[BlackClock "0:00:34"]
[Board "102"]

1. c4 e6 2. Nf3 d5 3. g3 Nf6 4. Bg2 Be7 5. O-O O-O 6. b3 d4 7. e3 c5 8. exd4 cxd4 9. Re1 Nc6 10. d3 a5 11. Na3 Bc5 12. Nb5 Re8 13. a3 e5 14. Bg5 h6 15. Bxf6 Qxf6 16. Nd2 Qd8 17. Ne4 Bf8 18. c5 Re6 19. Rc1 Ne7 20. Ned6 Rb8 21. Qh5 Ng6 22. Bd5 Rf6 23. f4 Bxd6 24. Nxd6 Rxd6 25. cxd6 Qxd6 26. Bxf7+ Kxf7 27. f5 Bd7 28. fxg6+ Kg8 29. Qxe5 Qxe5 30. Rxe5 Bc6 31. Rxa5 Re8 32. Rf1 h5 33. Rxh5 Re2 34. Rh8+ Kxh8 35. Rf8# 1-0


[Site "https://www.chess.com"]

[Event "Titled Tuesday Blitz July 4 Early 2023"]
[White "Balla, Tamas-Kristof"]
[Black "Manukyan, Sargis V."]
[WhiteFideId "1208497"]
[BlackFideId "13303465"]
[WhiteElo "2466"]
[BlackElo "2633"]
[Result "1-0"]
[Round "3"]
[TimeControl "180+2"]
[Date "2023.07.04"]
[WhiteClock "0:00:11"]
[BlackClock "0:00:08"]
[Board "103"]

1. e4 e6 2. d4 d5 3. Nd2 Nc6 4. c3 e5 5. exd5 Qxd5 6. Ngf3 exd4 7. Bc4 Qf5 8. cxd4 Be6 9. O-O O-O-O 10. Bxe6+ fxe6 11. Nc4 Nxd4 12. Nxd4 Qd5 13. Be3 Qxc4 14. Rc1 Qa6 15. Qc2 Rd7 16. Qb3 Nf6 17. Nxe6 Nd5 18. Nc5 Bxc5 19. Bxc5 Nf4 20. Rc4 g5 21. Be3 Rf8 22. Bxf4 gxf4 23. Rfc1 f3 24. g3 Qh6 25. Qa3 Rfd8 26. Qxf3 Kb8 27. Re1 c6 28. Rce4 Qg6 29. Re7 a6 30. Rxd7 Rxd7 31. h4 Ka7 32. Qe3+ Kb8 33. Qb6 Qf7 34. a3 Rd5 35. Qe3 Rd8 36. Qe5+ Ka7 37. Qc5+ Ka8 38. Re7 Qb3 39. Re2 Qf3 40. Re1 h5 41. Qe3 Qf5 42. Qe7 Rd2 43. Qe8+ Ka7 44. Qe3+ Rd4 45. Qxd4+ c5 46. Qe3 Qh3 47. Qg5 Kb6 48. Qf6+ Kb5 49. Qc3 b6 50. Qb3+ Kc6 51. Qe6+ Kb5 52. a4+ Kb4 53. Qe4+ c4 54. Qe7+ Kxa4 55. Qe6 Qxe6 56. Rxe6 Kb5 57. Re5+ Kb4 58. Rxh5 b5 59. Rd5 a5 60. h5 a4 61. h6 a3 62. bxa3+ Ka4 63. h7 c3 64. h8=Q c2 65. Qc3 b4 66. Qxb4# 1-0


[Site "https://www.chess.com"]

[Event "Titled Tuesday Blitz July 4 Early 2023"]
[White "Flynn, Jacob"]
[Black "Niekras, Dawid"]
[WhiteFideId "2509393"]
[BlackFideId "1160451"]
[WhiteElo "2465"]
[BlackElo "2632"]
[Result "1/2-1/2"]
[Round "3"]
[TimeControl "180+2"]
[Date "2023.07.04"]
[WhiteClock "0:00:13"]
[BlackClock "0:00:02"]
[Board "104"]

1. d4 Nf6 2. c4 g6 3. Nc3 Bg7 4. e4 O-O 5. Be2 d6 6. Nf3 Na6 7. Be3 e5 8. d5 Nc5 9. Nd2 a5 10. O-O Ne8 11. a3 f5 12. f3 f4 13. Bf2 g5 14. b4 Na6 15. c5 Nf6 16. c6 h5 17. b5 Nc5 18. Bxc5 dxc5 19. cxb7 Bxb7 20. Na4 Qe7 21. Qc2 Nd7 22. Rac1 Bc8 23. Nxc5 Nb6 24. Ne6 Bxe6 25. dxe6 Qxe6 26. Bc4 Nxc4 27. Qxc4 Qxc4 28. Nxc4 a4 29. Rfd1 Rfd8 30. Kf1 Kf7 31. Ke2 Ke6 32. Rxd8 Rxd8 33. Rd1 Rb8 34. Rd5 g4 35. Rc5 Rb7 36. Rc6+ Ke7 37. Rc5 gxf3+ 38. gxf3 Ke6 39. Rd5 Bf6 40. Kd3 Rb8 41. Kc3 h4 42. Rc5 Kd7 43. Rd5+ Ke6 44. Kb4 h3 45. Kxa4 Rg8 46. Kb3 Rg2 47. Rd2 Bh4 48. Rd5 Bf6 49. Rd2 Bh4 50. Rd5 Bf6 1/2-1/2


[Site "https://www.chess.com"]

[Event "Titled Tuesday Blitz July 4 Early 2023"]
[White "Vlassov, Nikolai"]
[Black "Nunez V, Gustavo Eduardo"]
[WhiteFideId "4103360"]
[BlackFideId "4403690"]
[WhiteElo "2630"]
[BlackElo "2465"]
[Result "0-1"]
[Round "3"]
[TimeControl "180+2"]
[Date "2023.07.04"]
[WhiteClock "0:00:03"]
[BlackClock "0:00:09"]
[Board "105"]

1. e4 c5 2. c3 Nf6 3. e5 Nd5 4. d4 cxd4 5. cxd4 Nc6 6. Nc3 Nxc3 7. bxc3 d6 8. f4 dxe5 9. fxe5 Qa5 10. Bd2 e6 11. Nf3 Be7 12. Bd3 O-O 13. h4 f5 14. exf6 Bxf6 15. Qe2 e5 16. Ng5 h6 17. Bc4+ Kh8 18. Qe4 Bxg5 19. hxg5 Bf5 20. Qh4 exd4 21. gxh6 Rae8+ 22. Kd1 g6 23. cxd4 Qa4+ 24. Bb3 Qb5 25. d5 Ne5 26. Qd4 Kh7 27. Ba4 Qd3 28. Qxd3 Nxd3 29. Bxe8 Nf2+ 30. Kc1 Rxe8 31. Rf1 Rc8+ 32. Kb2 Rc2+ 33. Kb3 Rxd2 34. Rac1 Nd3 35. Rc7+ Kxh6 36. Kc3 Rxg2 37. Rxb7 Rxa2 38. d6 Nc5 39. Rc7 Ne4+ 40. Kb3 Be6+ 41. Kb4 a5+ 42. Kb5 Nxd6+ 43. Kc6 Ne4 44. Re1 Rc2+ 45. Kb6 Rxc7 46. Kxc7 Bf5 47. Ra1 Kg5 48. Rxa5 Kf4 49. Ra8 g5 50. Rg8 g4 51. Kc6 Ng5 52. Rd8 g3 53. Rd2 Be4+ 54. Kb5 Ke3 55. Rb2 Nf3 56. Ka5 Nd2 57. Ra2 g2 58. Ra1 Nb3+ 59. Kb4 Nxa1 60. Kc3 g1=Q 0-1


[Site "https://www.chess.com"]

[Event "Titled Tuesday Blitz July 4 Early 2023"]
[White "Garcia Almaguer, Juan Manuel"]
[Black "Girya, Olga"]
[WhiteFideId "5110491"]
[BlackFideId "4195752"]
[WhiteElo "2463"]
[BlackElo "2625"]
[Result "1-0"]
[Round "3"]
[TimeControl "180+2"]
[Date "2023.07.04"]
[WhiteClock "0:00:09"]
[BlackClock "0:00:02"]
[Board "106"]

1. e4 e5 2. Nf3 Nc6 3. Bc4 Bc5 4. c3 Nf6 5. d4 exd4 6. b4 Bb6 7. e5 d5 8. exf6 dxc4 9. Qe2+ Be6 10. b5 Na5 11. fxg7 Rg8 12. Nxd4 Bxd4 13. cxd4 Qd5 14. f3 O-O-O 15. Be3 Rxg7 16. Nc3 Qf5 17. O-O-O Bd5 18. Qb2 b6 19. Rhe1 Rg6 20. Bg1 Qg5+ 21. Rd2 Re6 22. Rxe6 fxe6 23. Nd1 Bb7 24. Be3 Qh5 25. h3 Qd5 26. Nc3 Qd7 27. Qc2 Bd5 28. Bg5 Rg8 29. h4 h5 30. Re2 Qf7 31. Re5 Kb8 32. Qe2 Nb7 33. Qe3 Nd6 34. Nxd5 exd5 35. a4 Nf5 36. Qf4 Rf8 37. g4 hxg4 38. fxg4 Nxd4 39. Qxd4 Qf1+ 40. Kc2 Rf2+ 41. Bd2 Qg2 42. Qxd5 Qh2 43. Re8# 1-0


[Site "https://www.chess.com"]

[Event "Titled Tuesday Blitz July 4 Early 2023"]
[White "Baches Garcia, Guillermo"]
[Black "Taichman, Ori"]
[WhiteFideId "2209764"]
[BlackFideId "2804069"]
[WhiteElo "2461"]
[BlackElo "2625"]
[Result "1/2-1/2"]
[Round "3"]
[TimeControl "180+2"]
[Date "2023.07.04"]
[WhiteClock "0:00:19"]
[BlackClock "0:00:39"]
[Board "107"]

1. e4 c5 2. Nf3 Nc6 3. d4 cxd4 4. Nxd4 d5 5. Bb5 dxe4 6. Nxc6 Qxd1+ 7. Kxd1 a6 8. Ba4 Bd7 9. Nc3 Bxc6 10. Bxc6+ bxc6 11. Nxe4 f5 12. Ng5 e5 13. Ne6 Kf7 14. Nxf8 Rxf8 15. Re1 Rd8+ 16. Bd2 Ke6 17. Re3 Nf6 18. Ke2 Ne4 19. Be1 Rb8 20. Rb3 Nc5 21. Rc3 Ne4 22. Rxc6+ Kd5 23. Rxa6 Rxb2 24. Rd1+ Kc4 25. Ra4+ Kb5 26. Rd5+ Kc6 27. Rxe5 Rxc2+ 28. Kf1 g6 29. Ra6+ Kb7 30. Rae6 Rxa2 31. f3 Nd2+ 32. Bxd2 Rxd2 33. Re7+ Kb8 34. Rb5+ Ka8 35. Rbb7 Ra2 36. Rxh7 Rc8 37. Rbc7 Rb8 38. Rhe7 Rb1+ 39. Re1 Rxe1+ 40. Kxe1 Rxg2 41. Rg7 f4 42. Kf1 Rxh2 43. Rxg6 Rd2 44. Re6 Rd4 45. Re4 Rxe4 46. fxe4 Kb7 47. Kf2 Kc6 48. Kf3 Kd6 49. Kxf4 Ke6 50. e5 Ke7 51. Kf5 Kf7 52. e6+ Ke7 53. Ke5 Ke8 54. Kf6 Kf8 55. Ke5 Ke7 56. Kd5 Ke8 57. Kd6 Kd8 58. Ke5 Ke7 59. Kf5 Ke8 60. Kf6 Kf8 61. Kf5 Ke7 62. Ke5 Ke8 63. Kd6 Kd8 64. e7+ Ke8 65. Ke6 1/2-1/2


[Site "https://www.chess.com"]

[Event "Titled Tuesday Blitz July 4 Early 2023"]
[White "benny_aizenberg"]
[Black "Sukandar, Irine Kharisma"]
[BlackFideId "7101937"]
[WhiteElo "2625"]
[BlackElo "2459"]
[Result "1-0"]
[Round "3"]
[TimeControl "180+2"]
[Date "2023.07.04"]
[WhiteClock "0:00:03"]
[BlackClock "0:00:00"]
[Board "108"]

1. d4 Nf6 2. Nc3 d5 3. Bf4 g6 4. Qd2 c6 5. h4 h5 6. Nf3 Bg7 7. O-O-O O-O 8. e3 b5 9. Bd3 a5 10. Ne5 a4 11. a3 b4 12. axb4 a3 13. bxa3 Rxa3 14. Kb2 Ra7 15. Ra1 Rb7 16. Na4 Nfd7 17. Nxd7 Nxd7 18. Qc3 e5 19. Bxe5 Nxe5 20. dxe5 Qe7 21. f4 Rxb4+ 22. Kc1 Bg4 23. Nc5 Rc4 24. Bxc4 Qxc5 25. Ra5 Qxc4 26. Qxc4 dxc4 27. Rc5 Ra8 28. Kd2 Be6 29. e4 Bf8 30. Rxc6 Bb4+ 31. Ke3 Ra3+ 32. Kd4 Bd2 33. Kc5 Bxf4 34. Kd6 Ra5 35. Rc5 Ra6+ 36. Ke7 Bxe5 37. Rxe5 Kg7 38. Rf1 Ra7+ 39. Kd6 Ra2 40. Rf2 Ra3 41. Kc5 Ra5+ 42. Kd4 Ra3 43. c3 Ra1 44. Rb5 Rd1+ 45. Kc5 Rd3 46. Rf3 Rd2 47. g3 Re2 48. Kd4 Rd2+ 49. Ke5 Re2 50. Rb7 Re1 51. Rc7 Re2 52. Rc6 Re1 53. Kf4 Re2 54. Re3 Rf2+ 55. Ke5 Rd2 56. Rd6 Rg2 57. Rd4 Rf2 58. Kd6 Kf8 59. e5 Kg7 60. Ke7 Ra2 61. Ke8 Ra8+ 62. Rd8 Ra7 63. Rf3 Ra6 64. Rf6 Ra7 65. Rd6 Ra8+ 66. Rd8 Ra7 67. Rf4 Ra6 68. Rb8 Ra7 69. Rd4 Ra6 70. Rd6 Ra5 71. Rxe6 fxe6 72. Rb7+ Kh6 73. Kf7 Rxe5 74. Kg8 g5 75. Rc7 gxh4 76. gxh4 Re4 77. Kf7 1-0


[Site "https://www.chess.com"]

[Event "Titled Tuesday Blitz July 4 Early 2023"]
[White "Manukian, Artak"]
[Black "Komov, Roman"]
[WhiteFideId "13301373"]
[BlackFideId "24175714"]
[WhiteElo "2451"]
[BlackElo "2624"]
[Result "0-1"]
[Round "3"]
[TimeControl "180+2"]
[Date "2023.07.04"]
[WhiteClock "0:00:24"]
[BlackClock "0:01:24"]
[Board "109"]

1. e4 c5 2. Nf3 d6 3. Bb5+ Bd7 4. Bxd7+ Qxd7 5. c4 Nc6 6. Nc3 e5 7. d3 Be7 8. O-O f5 9. Nd5 Bd8 10. Rb1 f4 11. Nd2 h5 12. a3 g5 13. b4 g4 14. Nb3 b6 15. b5 Nce7 16. a4 Nxd5 17. cxd5 Ne7 18. Nd2 Ng6 19. Nc4 Nh4 20. Bd2 f3 21. g3 Ng2 22. a5 h4 23. Ra1 Qh7 24. Nxd6+ Kd7 25. Nf5 hxg3 26. Nh6 gxh2+ 27. Kxh2 Nf4 0-1


[Site "https://www.chess.com"]